 Dungeon Crawl Stone Soup version 0.18.1-48-g4cf74bf (webtiles) character file.

35 Slippy the Sneak (level 3, -1/16 HPs)
             Began as a Spriggan Enchanter on July 21, 2016.
             Slain by a jackal (3 damage)
             ... on level 1 of the Dungeon.
             The game lasted 00:05:03 (1365 turns).

Slippy the Sneak (Spriggan Enchanter)               Turns: 1365, Time: 00:05:04

Health: -1/16      AC:  3    Str:  4    XL:     3   Next: 17%
Magic:  8/8        EV: 18    Int: 17    God:
Gold:   16         SH:  0    Dex: 16    Spells: 1 memorised, 7 levels left

rFire  . . .     SeeInvis +     a - +1 dagger
rCold  . . .     Gourm    .     b - +1 robe
rNeg   . . .     Faith    .     (shield restricted)
rPois  .         Spirit   .     (helmet restricted)
rElec  .         Dismiss  .     (no cloak)
rCorr  .         Reflect  .     (gloves unavailable)
SustAt .         Harm     .     (boots unavailable)
MR     .....                    (no amulet)
Stlth  +++.......               (no ring)
                                (no ring)

@: very quick, not resistant to hostile enchantments, fairly stealthy
A: unfitting armour, see invisible, herbivore 3, speed 3, slow metabolism 2
a: no special abilities


You were on level 1 of the Dungeon.
You were not hungry.

You visited 1 branch of the dungeon, and saw 1 of its levels.

You collected 16 gold pieces.

Inventory:

Hand Weapons
 a - a +1 dagger (weapon)
Armour
 b - a +1 robe (worn)
Scrolls
 f - a scroll of blinking {unknown}
 g - a scroll of remove curse {unknown}
 h - a scroll of magic mapping {unknown}
 i - a scroll of amnesia {unknown}
 j - a scroll of fog {unknown}
 k - a scroll of identify {unknown}
 m - a scroll of enchant weapon {unknown}
Potions
 e - 2 potions of heal wounds {unknown}
Books
 c - a book of Maledictions

   Spells                             Type                      Level
   a - Corona                         Hexes                        1
   b - Ensorcelled Hibernation        Hexes/Ice                    2
   c - Confuse                        Hexes                        3
   d - Tukima's Dance                 Hexes                        3
   e - Dazzling Spray                 Conjuration/Hexes            3
Comestibles
 d - a bread ration
 l - 4 fruits


   Skills:
 - Level 1.1 Short Blades
 - Level 3.0 Dodging
 + Level 5.0 Stealth
 * Level 3.4 Spellcasting
 * Level 4.3 Hexes


You had 7 spell levels left.
You knew the following spells:

 Your Spells              Type           Power        Failure   Level  Hunger
a - Corona                Hex            ###....      2%          1    None


Dungeon Overview and Level Annotations

Branches:
Dungeon (1/15)

Altars:


Innate Abilities, Weirdness & Mutations

You are tiny and cannot use many weapons and most armour.
You have supernaturally acute eyesight.
You are a herbivore.
You cover ground extremely quickly.
You need consume almost no food.


Message History

You hit the jackal but do no damage.
The jackal is moderately wounded.
The jackal completely misses you. x2
You hit the jackal.
The jackal is severely wounded.
The jackal bites you. The jackal barely misses you.
The jackal closely misses you.
You hit the jackal but do no damage.
The jackal is severely wounded.
The jackal closely misses you. x2; The jackal barely misses you.
You barely miss the jackal.
The jackal is severely wounded.
The jackal completely misses you. The jackal bites you.
* * * LOW HITPOINT WARNING * * *
You closely miss the jackal.
The jackal is severely wounded.
The jackal completely misses you. The jackal bites you.
* * * LOW HITPOINT WARNING * * *
The jackal bites you.
You die...

######################
...................%.#
.......†........@h..$#
................h....#
.....................#
.....................#
.....................#
.....................#
.....................#
........##########+#.#
........# ########)#.#


You could see 2 jackals.

Vanquished Creatures
  2 giant cockroaches (D:1)
  4 goblins (D:1)
  5 hobgoblins (D:1)
  9 jackals (D:1)
  4 kobolds (D:1)
  A ball python (D:1)
  A bat (D:1)
  3 rats (D:1)
29 creatures vanquished.

Vanquished Creatures (others)
  5 toadstools (D:1)
5 creatures vanquished.

Grand Total: 34 creatures vanquished

Notes
Turn   | Place    | Note
--------------------------------------------------------------
     0 | D:1      | Slippy the Spriggan Enchanter began the quest for the Orb.
     0 | D:1      | Reached XP level 1. HP: 9/9 MP: 5/5
   164 | D:1      | Reached XP level 2. HP: 5/13 MP: 7/7
   889 | D:1      | Reached skill level 5 in Stealth
  1130 | D:1      | Reached XP level 3. HP: 16/16 MP: 8/8
  1365 | D:1      | Slain by a jackal

Skill      XL: |  1  2 |
---------------+-------+-----
Spellcasting   | 3 |  3.4
Hexes          | 4 |  4.3
Stealth        | 5 |  5.0
Short Blades   | |  1.1
Dodging        | |  3.0

Action                   || total
-------------------------++-------
Melee: Dagger            ||   199
 Stab: Sleeping          ||     6
Armor: Robe              ||    41
Dodge: Dodged            ||   232
